 Dungeon Crawl Stone Soup version 0.26-a0-831-g7192265339 (webtiles) character file.

Game seed: 11003813806194864238

352 kreisler the Vexing (level 6, 0/70 HPs)
             Began as a Gnoll Arcane Marksman on Nov 15, 2020.
             Slain by an ogre
             ... wielding a +0 giant club
              (19 damage)
             ... on level 4 of the Dungeon.
             The game lasted 00:28:09 (3279 turns).

kreisler the Vexing (Gnoll Arcane Marksman)         Turns: 3279, Time: 00:28:10

Health: 0/70       AC: 23    Str: 14    XL:     6   Next: 62%
Magic:  11/11      EV:  2    Int: 15    God:
Gold:   225        SH:  0    Dex: 16    Spells: 11/12 levels left

rFire    . . .     SeeInvis .   a - +1 shortbow
rCold    . . .     Faith    .   (shield currently unavailable)
rNeg     + + +     Spirit   .   (armour currently unavailable)
rPois    +         Reflect  .   (helmet currently unavailable)
rElec    .         Harm     .   (cloak currently unavailable)
rCorr    +         Rampage  .   (gloves currently unavailable)
MR       .....     NoTele   +   (boots currently unavailable)
Stlth    ++........             (no amulet)
HPRegen  0.21/turn              r - ring of resist corrosion
MPRegen  0.12/turn              (no ring)

@: lethally poisoned (0 -> -2), tree-form
A: distributed training, strong nose
a: no special abilities


You were on level 4 of the Dungeon.
You were a tree.
You visited 1 branch of the dungeon, and saw 4 of its levels.

You collected 225 gold pieces.

Inventory:

Hand Weapons
 a - a +1 shortbow (weapon)
 c - a +0 dagger
 h - a +3 antimagic short sword
Missiles
 d - 11 arrows (quivered)
Armour
 e - a +0 robe
 j - a +0 leather armour
 l - a +0 ring mail
 p - a +0 pair of boots (melded)
 q - a +1 robe of fire resistance (melded)
Jewellery
 r - a ring of resist corrosion (left branch)
 v - an uncursed ring of resist corrosion
Scrolls
 i - 2 scrolls of enchant weapon
 k - 3 scrolls of teleportation
 o - 3 scrolls of magic mapping
 t - a scroll of identify
 u - a scroll of fog {unknown}
 w - a scroll of remove curse {unknown}
Potions
 b - 2 potions of lignification
 f - a potion of berserk rage {unknown}
 g - a potion of curing
 m - a potion of heal wounds
 n - a potion of haste
 s - a potion of cancellation {unknown}


   Skills:
 + Level 3.3 Fighting
 + Level 2.0 Short Blades
 + Level 2.0 Long Blades
 + Level 2.0 Axes
 + Level 2.0 Maces & Flails
 + Level 2.0 Polearms
 + Level 2.0 Staves
 + Level 2.0 Slings
 + Level 5.0 Bows
 + Level 2.0 Crossbows
 + Level 2.0 Throwing
 + Level 2.0 Armour
 + Level 5.0 Dodging
 + Level 2.0 Stealth
 + Level 2.0 Shields
 + Level 2.0 Unarmed Combat
 + Level 3.5 Spellcasting
 + Level 1.6 Conjurations
 + Level 5.7 Hexes
 + Level 1.6 Summonings
 + Level 1.6 Necromancy
 + Level 1.6 Translocations
 + Level 1.6 Transmutations
 + Level 1.6 Fire Magic
 + Level 1.6 Ice Magic
 + Level 1.6 Air Magic
 + Level 1.6 Earth Magic
 + Level 1.6 Poison Magic
 + Level 2.2 Invocations
 + Level 2.0 Evocations


You had 11 spell levels left.
You knew the following spells:

 Your Spells              Type           Power        Failure   Level
a - Corona                Hex            ###....      1%          1

Your spell library contained the following spells:

 Spells                   Type           Power        Failure   Level
 Slow                     Hex            ###.....     2%          2
 Inner Flame              Hex/Fire       ##......     13%         3
 Portal Projectile        Hex/Tloc       ##....       13%         3
 Cause Fear               Hex            ###.......   19%         4
 Leda's Liquefaction      Hex/Erth       ##........   38%         4


Dungeon Overview and Level Annotations

Branches:
Dungeon (4/15)
 Temple: D:4-7

Altars:
Ru
Xom

Shops:
D:4 *


Innate Abilities, Weirdness & Mutations

Your experience applies equally to all skills.
((You have very sharp teeth.))
Your uncanny sense of smell can sniff out nearby items.


Message History

Aim: an ogre, wielding a +0 giant club You shoot an arrow.
The arrow hits the ogre.
The ogre is moderately wounded.
You feel sick. The orc completely misses you.
The worker ant bites you but does no damage.
Firing (i - inventory)
d - 12 arrows (quivered)
Press: ? - help, Shift-Dir - straight line, f/p - ogre
Aim: an ogre, wielding a +0 giant club (moderately wounded)
You shoot an arrow.
The arrow hits the ogre but does no damage.
The ogre is moderately wounded.
The ogre hits you with a +0 giant club!
* * * LOW HITPOINT WARNING * * *
The orc completely misses you.
The worker ant bites you but does no damage.
It was a potion of heal wounds.
You feel much better.
The worker ant bites you but does no damage.
The orc hits you but does no damage.
The ogre hits you with a +0 giant club!!
You die...

........##....##...#
#...##..##....##...# .....
#..†######.........# ....[
......(............# ......
..............##...# ......
........##....##...##......
#.......########..(#....#
#........# #..o.#....##)
.........# #.♣B('.∩.....
....[....# ##.O.#.......
#...##...# ##...#....##.
########## #.)..#....#
#....#...... #....#.......
#....#....... #....#.......
######


You could see an ogre, a worker ant and an orc.

Vanquished Creatures
  A bullfrog (D:2)
  An orc priest (D:4)
  2 orc wizards (D:3)
  3 worker ants (D:4)
  A howler monkey skeleton (D:4)
  2 adders (D:3)
  An ooze (D:2)
  4 dart slugs
  A leopard gecko (D:1)
  8 orcs
  A ball python (D:1)
  3 giant cockroaches
  6 goblins
  11 hobgoblins
  A quokka (D:4)
  16 bats
  7 frilled lizards
  13 kobolds
  7 rats
89 creatures vanquished.

Notes
Turn   | Place    | Note
-------+----------+-------------------------------------------
     0 | D:1      | kreisler the Gnoll Arcane Marksman began the quest for the
                  | Orb.
     0 | D:1      | Reached XP level 1. HP: 17/17 MP: 4/4
   178 | D:1      | Reached XP level 2. HP: 23/23 MP: 5/5
   429 | D:1      | Reached XP level 3. HP: 28/28 MP: 7/7
   975 | D:2      | Reached skill level 1 in Invocations
  1197 | D:2      | Reached skill level 1 in Short Blades
  1197 | D:2      | Reached skill level 1 in Long Blades
  1197 | D:2      | Reached skill level 1 in Axes
  1197 | D:2      | Reached skill level 1 in Maces & Flails
  1197 | D:2      | Reached skill level 1 in Polearms
  1197 | D:2      | Reached skill level 1 in Staves
  1197 | D:2      | Reached skill level 1 in Slings
  1197 | D:2      | Reached skill level 1 in Crossbows
  1197 | D:2      | Reached skill level 1 in Throwing
  1197 | D:2      | Reached skill level 1 in Armour
  1197 | D:2      | Reached skill level 1 in Stealth
  1197 | D:2      | Reached skill level 1 in Shields
  1197 | D:2      | Reached skill level 1 in Unarmed Combat
  1197 | D:2      | Reached skill level 1 in Evocations
  1201 | D:2      | Noticed a bullfrog
  1215 | D:2      | Killed a bullfrog
  1216 | D:2      | Reached skill level 1 in Conjurations
  1216 | D:2      | Reached skill level 1 in Summonings
  1216 | D:2      | Reached skill level 1 in Necromancy
  1216 | D:2      | Reached skill level 1 in Translocations
  1216 | D:2      | Reached skill level 1 in Transmutations
  1216 | D:2      | Reached skill level 1 in Fire Magic
  1216 | D:2      | Reached skill level 1 in Ice Magic
  1216 | D:2      | Reached skill level 1 in Air Magic
  1216 | D:2      | Reached skill level 1 in Earth Magic
  1216 | D:2      | Reached skill level 1 in Poison Magic
  1216 | D:2      | Reached XP level 4. HP: 5/34 MP: 8/8
  1216 | D:2      | Reached XP level 5. HP: 6/40 MP: 9/9
  1932 | D:3      | Found a shimmering altar of Xom.
  2055 | D:3      | Found a sacrificial altar of Ru.
  2697 | D:3      | Reached XP level 6. HP: 36/47 MP: 10/10
  3170 | D:4      | Reached skill level 5 in Bows
  3170 | D:4      | Reached skill level 5 in Dodging
  3262 | D:4      | Found Najou's Lightly-Used Armoury.
  3278 | D:4      | HP: 3/70 [ogre/+0 giant club (16)]
  3279 | D:4      | Slain by an ogre

Illustrated notes

Levels and vault maps discovered:
D:1:      roderic_dead_forest, layout_rooms, serial_rivers,
          chequers_serial_rivers_large_a, chequers_serial_rivers_micro_c,
          chequers_serial_rivers_small_3, chequers_serial_rivers_marsh,
          chequers_serial_rivers_micro_c, chequers_serial_rivers_micro_a,
          hangedman_feature_mirror
D:2:      layout_rooms
D:3:      layout_basic, general_overflow_altar, roderic_serpentine_path,
          small_statue_intersection, xom_teletrap_fun
D:4:      layout_gridville, minmay_temple_entry_fiery, minmay_shop_damaged

Skill      XL: |  1  2  3  4  5  6 |
---------------+-------------------+-----
Invocations    | 1 2 |  2.2
Short Blades   | 1 2 |  2.0
Long Blades    | 1 2 |  2.0
Axes           | 1 2 |  2.0
Maces & Flails | 1 2 |  2.0
Polearms       | 1 2 |  2.0
Staves         | 1 2 |  2.0
Slings         | 1 2 |  2.0
Crossbows      | 1 2 |  2.0
Throwing       | 1 2 |  2.0
Armour         | 1 2 |  2.0
Stealth        | 1 2 |  2.0
Shields        | 1 2 |  2.0
Unarmed Combat | 1 2 |  2.0
Evocations     | 1 2 |  2.0
Spellcasting   | 3 |  3.5
Conjurations   | 1 |  1.6
Summonings     | 1 |  1.6
Necromancy     | 1 |  1.6
Translocations | 1 |  1.6
Transmutations | 1 |  1.6
Fire Magic     | 1 |  1.6
Ice Magic      | 1 |  1.6
Air Magic      | 1 |  1.6
Earth Magic    | 1 |  1.6
Poison Magic   | 1 |  1.6
Fighting       | 3 |  3.3
Bows           | 5 |  5.0
Dodging        | 5 |  5.0
Hexes          | |  5.7

Action                   |  1- 3 |  4- 6 || total
-------------------------+-------+-------++-------
 Fire: Shortbow          |   122 |   175 ||   297
  Use: Scroll            |     1 |     4 ||     5
       Potion            |     1 |     4 ||     5
Armor: Robe              |     4 |     6 ||    10
       Skin              |       |     7 ||     7
Dodge: Dodged            |    48 |    80 ||   128

Table legend: (Time is in decaauts)
 A = Elapsed time spent in this place.
 B = Non-inter-level travel time spent in this place.
 C = Inter-level travel time spent in this place.
 D = Time resting spent in this place.
 E = Time spent auto-exploring this place.
 F = Levels seen in this place.
 G = Mean time per level.
                   A        B        C        D        E       F      G
               +--------+--------+--------+--------+--------+-----+--------+
         Total |   3304 |   3304 |      0 |      0 |   1585 |   4 |  826.0 |
       Dungeon |   3304 |   3304 |      0 |      0 |   1585 |   4 |  826.0 |
               +--------+--------+--------+--------+--------+-----+--------+

Top non-repeatable levels by time:
     D:3: 1201 daAuts
     D:1: 1002 daAuts
     D:2: 842 daAuts
     D:4: 259 daAuts
